 Dungeon Crawl Stone Soup version 0.17.2-1-ge4368a0 (webtiles) character file.

67 ololoev the Chopper (level 3, 0/29 HPs)
             Began as a Demonspawn Berserker on July 28, 2016.
             Was a Follower of Trog.
             Slain by Duvessa
             ... wielding a +0 short sword
              (5 damage)
             ... on level 4 of the Dungeon.
             The game lasted 00:02:02 (402 turns).

ololoev the Chopper (Demonspawn Berserker)           Turns: 402, Time: 00:02:02

Health: 0/29       AC:  3    Str: 18    XL:     3   Next: 98%
Magic:  3/3        EV: 12    Int:  8    God:    Trog [*.....]
Gold:   38         SH:  0    Dex: 12    Spells: 0 memorised, 2 levels left

rFire  . . .     SeeInvis .     a - +0 hand axe
rCold  . . .     Clarity  .     b - +0 animal skin
rNeg   . . .     SustAt   .     (no shield)
rPois  .         Gourm    .     (no helmet)
rElec  .         Spirit   .     (no cloak)
rCorr  +         Warding  .     (no gloves)
rMut   .         Stasis   .     (no boots)
MR     .....                    g - amulet of resist corrosion
Stlth  +.........               (no ring)
                                (no ring)

@: not resistant to hostile enchantments, very unstealthy
A: talons 1, molten scales 1
a: Berserk, Burn Spellbooks, Renounce Religion


Innate Abilities, Weirdness & Mutations

You have sharp toenails.
You are partially covered in molten scales (AC +1).

Inventory:

Hand Weapons
 a - a +0 hand axe (weapon)
Armour
 b - a +0 animal skin (worn)
Jewellery
 g - an amulet of resist corrosion (around neck)
Scrolls
 e - a scroll of identify {unknown}
 h - 3 scrolls of remove curse {unknown}
 i - a scroll of recharging {unknown}
Potions
 d - 2 potions of curing {unknown}
Comestibles
 c - a bread ration
 f - 3 chunks of flesh


   Skills:
 - Level 3.0 Fighting
 * Level 3.6 Axes
 + Level 2.4 Armour
 + Level 2.4 Dodging


You had 2 spell levels left.
You didn't know any spells.


You were on level 4 of the Dungeon.
You worshipped Trog.
Trog was aware of your devotion.
You were not hungry.

You visited 1 branch of the dungeon, and saw 4 of its levels.

You collected 38 gold pieces.

#. (.... ###.
.....
###...####.)...
#............
#.........e.
#.........#
#.........#
#......@e.#
#.........####
###...<.......#
#...........#
#...........#
#...........#
#...........#
#...........#
#..........)#

Notes
Turn   | Place    | Note
--------------------------------------------------------------
     0 | D:1      | ololoev the Demonspawn Berserker began the quest for the Orb.
     0 | D:1      | Reached XP level 1. HP: 18/18 MP: 1/1
   124 | D:2      | Gained mutation: You are partially covered in molten scales (AC +1). [demonic ancestry]
   124 | D:2      | Reached XP level 2. HP: 24/24 MP: 2/2
   284 | D:3      | Found an iron altar of Okawaru.
   289 | D:3      | Noticed Natasha
   301 | D:3      | Killed Natasha
   301 | D:3      | Gained mutation: You have sharp toenails. [demonic ancestry]
   301 | D:3      | Reached XP level 3. HP: 29/29 MP: 3/3
   395 | D:4      | Noticed Duvessa
   397 | D:4      | Noticed Dowan
   402 | D:4      | Slain by Duvessa

Dungeon Overview and Level Annotations

Branches:
Dungeon (4/15)
 Temple: D:4-7

Altars:
Okawaru

Annotations:
D:4 Dowan, Duvessa


Message History

You now have 24 gold pieces (gained 19).
Things that are here:
5 gold pieces; a hunting sling You now have 29 gold pieces (gained 5).
You open the door.
There is an open door here.
As you close the door, it creaks loudly!
Found a stone staircase leading down.
Found 7 gold pieces.
There is a stone staircase leading down here.
You climb downwards.
There is a stone staircase leading up here.
You enter a teleport trap!
The teleport trap disappears.
Your surroundings suddenly seem different.
Found a scroll labeled JODIMAASSA and a glowing dagger.
Found 9 gold pieces.
i - a scroll labeled JODIMAASSA
Found a stone staircase leading up.
You now have 38 gold pieces (gained 9).
Duvessa, Sister of Dowan comes into view.
She is wielding a short sword.
Duvessa shouts!
Found a flail.
There is a stone staircase leading up here.
You climb upwards.
There is a stone staircase leading down here.
You climb downwards.
Level annotation: Dowan, Duvessa
There is a stone staircase leading up here.
Some of the chunks of flesh in your inventory have rotted away.
What do you say? t - Shout!
Orders for allies: a - Attack new target. r - Retreat! s - Stop attacking. w - Wait here. f - Follow me.
Anything else - Stay silent.
You shout for attention!
You hear a shout!
Duvessa hits you with a short sword!
Dowan shouts!
Duvessa hits you with a short sword.
You die...

You could see Duvessa and Dowan.

Vanquished Creatures
  Natasha (D:3)
  2 adders
  A worm (D:3)
  3 giant geckos (D:3)
  4 orcs (D:3)
  A goblin (D:3)
  A kobold (D:1)
  3 bats
  A rat (D:3)
17 creatures vanquished.

Action                   || total
-------------------------++-------
Melee: Hand axe          ||    43
Invok: Berserk           ||     3
 Stab: Sleeping          ||     1
  Eat: Chunk             ||     1

Vault maps used:
D:1:      ncdulo_wetmaze, minmay_vboxes
D:3:      first_bread, okawaru_metal_pillars_3, uniq_terence, uniq_natasha
D:4:      uniq_duvessa, uniq_pikel
